 Dungeon Crawl Stone Soup version 0.32-a0-685-g93135e86f0 (webtiles) character file.

Game seed: 16404144199500363453

121 obamaself the Shooter (level 4, -1/55 HPs)
             Began as a Minotaur Hunter on Mar 11, 2024.
             Was a Priest of Elyvilon.
             Slain by an endoplasm (2 damage)
             ... on level 3 of the Dungeon on Mar 12, 2024.
             The game lasted 00:23:11 (2373 turns).

obamaself the Shooter (Minotaur Hunter)             Turns: 2373, Time: 00:23:13

Health: -1/55      AC: 22    Str: 17    XL:     4   Next: 76%
Magic:  3/3        EV:  2    Int:  6    God:    Elyvilon [***...]
Gold:   87         SH:  0    Dex: 14    Spells: 3/3 levels left

rFire   . . .        a - +0 shortbow
rCold   . . .        (shield currently unavailable)
rNeg    . . .        n - melded +0 chain mail
rPois   +            (helmet currently unavailable)
rElec   .            (cloak currently unavailable)
rCorr   .            (gloves currently unavailable)
SInv    .            (boots currently unavailable)
Will    .....        (no amulet)
Stlth   ++           m - ring of poison resistance
HPRegen 0.29/turn    (no ring)
MPRegen 0.08/turn

%: no passive effects
@: tree-form
A: stationary, stasis, torment immunity, boosted hp, (horns 2), (retaliatory
headbutt)
a: Renounce Religion, Purification, Heal Other, Heal Self


You were on level 3 of the Dungeon.
You worshipped Elyvilon.
Elyvilon was most pleased with you.
You were a tree.
You visited 1 branch of the dungeon, and saw 3 of its levels.

You collected 87 gold pieces.

Inventory:

Hand Weapons
 a - a +0 shortbow (weapon)
Missiles
 i - 6 datura-tipped darts
Armour
 n - a +0 chain mail (melded)
Magical Staves
 f - a staff of fire
 g - a staff of alchemy
Jewellery
 m - a ring of poison resistance (left branch)
Talismans
 p - a flux talisman
Wands
 c - a wand of mindburst (10)
Scrolls
 b - a scroll of butterflies
 d - 4 scrolls of amnesia {unknown}
 h - a scroll of vulnerability {unknown}
Potions
 e - a potion of attraction {unknown}
 j - a potion of curing {unknown}
 k - a potion of might {unknown}
 l - a potion of invisibility {unknown}


   Skills:
 + Level 2.8 Fighting
 + Level 0.4 Staves
 + Level 5.6 Ranged Weapons
 + Level 1.7 Armour
 + Level 2.8 Dodging
 + Level 1.7 Stealth
 * Level 0.1 Fire Magic


You had 3 spell levels left.
You didn't know any spells.
Your spell library contained the following spells:

 Spells                   Type           Power      Damage    Failure   Level
 Olgreb's Toxic Radiance  Alch           0%         N/A       99%         4
 Ozocubu's Refrigeration  Ice            0%         4d7       100%        7
 Discord                  Hex            0%         N/A       100%        8


Dungeon Overview and Level Annotations

Branches:
Dungeon (3/15)

Altars:
Elyvilon

Shops:
D:2 :

Annotations:
D:2 1 exclusion


Innate Abilities, Weirdness & Mutations

You are a tree.
Your roots penetrate the ground, keeping you stationary.
You cannot be teleported.
You are immune to unholy pain and torment.
Your maximum health is greatly increased.
Your equipment is partially melded.
((You have a pair of horns on your head.))
((You reflexively headbutt those who attack you in melee.))


Message History

The orc shouts!
You clumsily bash the orc but do no damage.
The orc wizard hits you but does no damage.
The endoplasm freezes you.
You are frozen.
The orc completely misses you. The endoplasm barely misses you.
You clumsily bash the orc but do no damage.
You feel less confused.
The orc wizard hits you but does no damage.
The orc hits you with a +0 morningstar. The endoplasm freezes you.
You are frozen.
The endoplasm freezes you.
You are frozen.
The orc hits you with a +0 morningstar!
The orc wizard gestures at you while chanting.
The puff of flame hits you!
* * * LOW HITPOINT WARNING * * *
You turn into a tree.
Your +0 chain mail melds into your body.
Your roots penetrate the ground.
The endoplasm freezes you.
You are frozen.
* * * LOW HITPOINT WARNING * * *
The orc wizard barely misses you. The orc hits you but does no damage.
You shoot an arrow. The arrow hits the orc!
You kill the orc!
The endoplasm freezes you.
You are frozen.
* * * LOW HITPOINT WARNING * * *
The orc wizard hits you but does no damage.
You shoot an arrow. The arrow hits the orc.
You kill the orc!
The endoplasm freezes you.
You are frozen.
* * * LOW HITPOINT WARNING * * *
The orc wizard hits you but does no damage.
You shoot an arrow. The arrow hits the orc.
The orc is severely wounded.
The endoplasm hits you.
You die...

#...# #.<.#
#.....#
#.........
#...#..##.
##########.#####
......####!.....
#..oJ.......
#..o♣.......
#....#########.
...### ##


You could see an orc wizard, an orc and an endoplasm.

Vanquished Creatures
  3 adders (D:2)
  3 gnolls (D:2)
  3 ribbon worms (D:2)
  2 orcs (D:3)
  5 endoplasms
  3 giant cockroaches
  4 goblins
  6 hobgoblins
  10 jackals
  3 kobolds (D:1)
  2 ball pythons
  3 bats (D:1)
  3 frilled lizards
  A rat (D:2)
51 creatures vanquished.

Notes
Turn   | Place    | Note
-------+----------+-------------------------------------------
     0 | D:1      | obamaself the Minotaur Hunter began the quest for the Orb.
     0 | D:1      | Reached XP level 1. HP: 18/18 MP: 0/0
    41 | D:1      | Found a faded altar of an unknown god.
    53 | D:1      | Prayed at the altar of an unknown god.
    53 | D:1      | Became a worshipper of Elyvilon the Healer
    53 | D:1      | Reached * piety under Elyvilon
    58 | D:1      | lasda
   188 | D:1      | Reached XP level 2. HP: 25/25 MP: 1/1
   258 | D:1      | Reached skill level 5 in Ranged Weapons
   880 | D:1      | Reached ** piety under Elyvilon
  1361 | D:2      | Reached XP level 3. HP: 30/30 MP: 2/2
  1368 | D:2      | Found Darolool's Book Shoppe.
  1373 | D:2      | :>
  1449 | D:2      | Reached skill level 1 in Armour
  1492 | D:2      | HP: 2/45 [gnoll/+0 flail (5)]
  1494 | D:2      | Reached skill level 1 in Stealth
  1495 | D:2      | Upgraded the game from 0.32-a0-675-gdc239d62e1 to
                  | 0.32-a0-685-g93135e86f0
  1575 | D:2      | Reached XP level 4. HP: 21/37 MP: 3/3
  1708 | D:2      | Noticed Jessica
  2239 | D:2      | Reached *** piety under Elyvilon
  2372 | D:3      | HP: 1/55 [frozen (5)]
  2373 | D:3      | Slain by an endoplasm

Illustrated notes

######## #......#
#####......# #...#......#
#.@.#......# #
#...†......+
#.##..........#
#.............# .
####...#......#
#.#+####...#......#
#..........#.(....#
#..........#......########
#......)...#......#.#.#.#.


Turn 58 on D:1: lasda #.# #.# #.# #.#.# #.#†# #.#.# #.#.# #### #.#.# #♣.@# #.#.#
#...# #.#.# #..♣#####.#.##### #.........#.....# ########..#..##.# #..#####.#
#........# #.######## #.. Turn 1373 on D:2: :>

Levels and vault maps discovered:
D:1:      ncdulo_watergridlock, layout_basic, basic_ecumenical_altar,
          chequers_garden, minmay_pentomino_s2
D:2:      layout_basic, serial_glass, glass_columns_c, glass_columns_c,
          serial_shops, nicolae_shop_pleasant_corner_grove, nicolae_wormholes,
          uniq_jessica
D:3:      layout_rooms

Skill      XL: |  1  2  3 |
---------------+----------+-----
Ranged Weapons | 5 |  5.6
Armour         | 1 |  1.7
Stealth        | 1 |  1.7
Fighting       | |  2.8
Staves         | |  0.4
Dodging        | |  2.8
Fire Magic     | |  0.1

Action                     |  1- 3 |  4- 6 || total
---------------------------+-------+-------++-------
  Melee: Staff             |    29 |     4 ||    33
         Headbutt          |    10 |     5 ||    15
         Shortbow          |       |     4 ||     4
         Unarmed           |       |     1 ||     1
   Fire: Shortbow          |    60 |    76 ||   136
  Throw: Dart              |       |     2 ||     2
    Use: Potion            |     1 |     1 ||     2
 Armour: Leather armour    |     7 |       ||     7
         Chain mail        |    49 |    46 ||    95
         Ring mail         |    20 |       ||    20
         Skin              |    16 |     4 ||    20
  Dodge: Dodged            |    49 |    40 ||    89

Table legend: (Time is in decaauts)
 A = Elapsed time spent in this place.
 B = Non-inter-level travel time spent in this place.
 C = Inter-level travel time spent in this place.
 D = Time resting spent in this place.
 E = Time spent auto-exploring this place.
 F = Levels seen in this place.
 G = Mean time per level.
                   A        B        C        D        E       F      G
               +--------+--------+--------+--------+--------+-----+--------+
         Total |   2430 |   1974 |    456 |     29 |   1149 |   3 |  810.0 |
       Dungeon |   2430 |   1974 |    456 |     29 |   1149 |   3 |  810.0 |
               +--------+--------+--------+--------+--------+-----+--------+

Top non-repeatable levels by time:
     D:1: 1326 daAuts
     D:2: 1089 daAuts
     D:3: 13 daAuts
